 Dungeon Crawl Stone Soup version 0.29-a0-90-gc37658a0fe (webtiles) character file.

Game seed: 13441112013042049567

37 lordive the Grasshopper (level 3, -2/37 HPs)
             Began as an Ogre Warper on Feb 7, 2022.
             Slain by a hound (3 damage)
             ... on level 2 of the Dungeon.
             The game lasted 00:01:37 (1754 turns).

lordive the Grasshopper (Ogre Warper)               Turns: 1754, Time: 00:01:37

Health: -2/37      AC:  3    Str: 15    XL:     3   Next: 41%
Magic:  0/6        EV: 10    Int: 16    God:
Gold:   12         SH:  0    Dex:  8    Spells: 6/6 levels left

rFire   . . .      SeeInvis .   a - +0 mace
rCold   . . .      Faith    .   (no shield)
rNeg    . . .      Spirit   +   b - +0 robe
rPois   .          Reflect  .   (helmet restricted)
rElec   .          Harm     .   (no cloak)
rCorr   .          Rampage  .   (gloves unavailable)
Will    .....                   (boots unavailable)
Stlth   +.........              g - amulet of guardian spirit
HPRegen 0.12/turn               (no ring)
MPRegen 0.10/turn               (no ring)

@: no status effects
A: large, unfitting armour, tough skin 1
a: no special abilities


You were on level 2 of the Dungeon.
You visited 1 branch of the dungeon, and saw 2 of its levels.

You collected 12 gold pieces.

Inventory:

Hand Weapons
 a - a +0 mace (weapon)
Armour
 b - a +0 robe (worn)
Jewellery
 g - an amulet of guardian spirit (around neck)
Scrolls
 c - a scroll of blinking
 h - 2 scrolls of noise {unknown}
 i - a scroll of enchant weapon {unknown}
Potions
 e - a potion of curing {unknown}
 f - 2 potions of heal wounds {unknown}


   Skills:
 + Level 3.0 Fighting
 + Level 2.5 Maces & Flails
 + Level 1.0 Throwing
 + Level 2.3 Dodging
 + Level 2.4 Spellcasting
 * Level 3.2 Translocations


You had 6 spell levels left.
You didn't know any spells.
Your spell library contained the following spells:

 Spells                   Type           Power      Damage    Failure   Level
 Blink                    Tloc           24%        N/A       8%          2
 Gell's Gravitas          Tloc           12%        N/A       16%         3
 Lesser Beckoning         Tloc           12%        N/A       16%         3
 Teleport Other           Tloc           12%        N/A       16%         3
 Manifold Assault         Tloc           12%        N/A       82%         5


Dungeon Overview and Level Annotations

Branches:
Dungeon (2/15)

Altars:


Innate Abilities, Weirdness & Mutations

You are too large for most types of armour.
You have tough skin. (AC +1)


Message History

The hound is severely wounded.
You start putting on your amulet.
You continue putting on your amulet of guardian spirit. x3
The hound closely misses you.
You continue putting on your amulet of guardian spirit.
The hound barely misses you. The hound bites you.
* * * LOW HITPOINT WARNING * * *
You continue putting on your amulet of guardian spirit.
The hound misses you.
You finish putting on your amulet of guardian spirit.
You feel your power drawn to a protective spirit.
g - an amulet of guardian spirit (around neck) Throw: 4 boomerangs (disperse)
Press: ? - help, Q - select action Shift-Dir - straight line, f/p - hound
Aim: a hound (severely wounded, 41% to hit)
You throw a boomerang of dispersal.
The boomerang of dispersal hits the hound but does no damage.
The hound is severely wounded.
The hound bites you. x2
Throw: 3 boomerangs (disperse)
Press: ? - help, Q - select action Shift-Dir - straight line, f/p - hound
Aim: a hound (severely wounded, 41% to hit)
You throw a boomerang of dispersal.
The boomerang of dispersal hits the hound.
The hound blinks!
The hound is severely wounded.
Throw: 2 boomerangs (disperse)
Press: ? - help, Q - select action Shift-Dir - straight line, f/p - hound
Aim: a hound (severely wounded, 41% to hit)
You throw a boomerang of dispersal.
The boomerang of dispersal misses the hound.
Unknown command.
Unknown command.
Throw: boomerang (disperse)
Press: ? - help, Q - select action Shift-Dir - straight line, f/p - hound
Aim: a hound (severely wounded, 41% to hit)
You throw a boomerang of dispersal.
The boomerang of dispersal barely misses the hound.
The hound completely misses you. The hound bites you.
You die...

#.. .. #.# #.# #.##.# #.#
#.##.# #.########.##.###
#.##............
###.#....###.#..# #
.....<....##.#..######...
##..#..#...............##
#..#..##.##.#..@h.......
#...........#.##########
#.##..†..####.#
#.##..<..# #.#
#.##.....####.#
##..........##.#
.....#......##.#
##......)...#
...........##


You could see a hound.

Vanquished Creatures
  3 endoplasms (D:1)
  3 giant cockroaches (D:1)
  4 goblins (D:1)
  A hobgoblin (D:1)
  A quokka (D:1)
  13 ball pythons
  3 bats
  A frilled lizard (D:1)
  2 kobolds (D:1)
  2 rats (D:1)
33 creatures vanquished.

Vanquished Creatures (others)
  19 plants
19 creatures vanquished.

Grand Total: 52 creatures vanquished

Notes
Turn   | Place    | Note
-------+----------+-------------------------------------------
     0 | D:1      | lordive the Ogre Warper began the quest for the Orb.
     0 | D:1      | Reached XP level 1. HP: 22/22 MP: 3/3
   611 | D:1      | Reached XP level 2. HP: 24/29 MP: 5/5
   939 | D:1      | Reached XP level 3. HP: 17/37 MP: 6/6
  1749 | D:2      | HP: 1/37 [hound (5)]
  1754 | D:2      | Slain by a hound

Illustrated notes

Levels and vault maps discovered:
D:1:      onia_arrival_handbag, layout_loops_ring, minmay_shallow_snake_nest
D:2:      layout_loops_ring, shapermc_ecumenical_altar_gd, nicolae_grassy_gnolls

Skill      XL: |  1  2 |
---------------+-------+-----
Maces & Flails | 2 |  2.5
Translocations | 3 |  3.2
Fighting       | 3 |  3.0
Throwing       | |  1.0
Dodging        | |  2.3
Spellcasting   | |  2.4

Action                   || total
-------------------------++-------
Melee: Mace              ||   119
       Punch             ||     2
Throw: Boomerang         ||     5
Armor: Robe              ||    67
Dodge: Dodged            ||    63

Table legend: (Time is in decaauts)
 A = Elapsed time spent in this place.
 B = Non-inter-level travel time spent in this place.
 C = Inter-level travel time spent in this place.
 D = Time resting spent in this place.
 E = Time spent auto-exploring this place.
 F = Levels seen in this place.
 G = Mean time per level.
                   A        B        C        D        E       F      G
               +--------+--------+--------+--------+--------+-----+--------+
         Total |   1788 |   1761 |     27 |      0 |   1496 |   2 |  894.0 |
       Dungeon |   1788 |   1761 |     27 |      0 |   1496 |   2 |  894.0 |
               +--------+--------+--------+--------+--------+-----+--------+

Top non-repeatable levels by time:
     D:1: 1632 daAuts
     D:2: 156 daAuts
